Predators vs Maple Leafs

Created - 28 novembre 2023 at 20:23

Goals
1 2 3 T
Predators 0 1 0 1
Maple Leafs 1 0 2 3
Shots
1 2 3 T
Predators 7 21 12 40
Maple Leafs 15 9 12 36

GoalsPenalties
1st period
1. Maple Leafs , Ryan Johansen 6 (Jesper Bratt 10) at 0:14
Egor Sokolov (NSH) for Holding (Minor) at 3:18
2nd period
2. Predators , Sam Bennett 6 (Adam Fox 11) at 13:12
No Penalty
3rd period
3. Maple Leafs , Andrei Svechnikov 4 (Alex Iafallo 9, Hampus Lindholm 8) at 1:36 (PP)
4. Maple Leafs , Mikhail Sergachev 2 (Hampus Lindholm 9, Alexander Romanov 1) at 11:59
Robert Bortuzzo (NSH) for Hooking (Minor) at 0:22
Andrei Svechnikov (TOR) for Tripping (Minor) at 7:12
Goalie Stats
Connor Ingram (NSH), 33 saves from 36 shots - (0,917), L, 6-7-1, 60:00 minutes
Pyotr Kochetkov (TOR), 39 saves from 40 shots - (0,975), W, 4-1-2, 60:00 minutes
3 StarsOfficial
1 - Pyotr Kochetkov (TOR)
2 - Mikhail Sergachev (TOR)
3 - Hampus Lindholm (TOR)
Referees : Chris Lee and Steve Kozari
Linesman : Shaun Morgan and Stephen Drain
Game Note
No Game Note
Finance
Level 1 -- Attendance: 4583 (76,38%) -- Ticket Income $504,130
Level 2 -- Attendance: 4415 (88,30%) -- Ticket Income $286,975
Level 3 -- Attendance: 1304 (65,20%) -- Ticket Income $58,680
Level 4 -- Attendance: 4000 (100,00%) -- Ticket Income $88,000
Luxury Box -- Attendance: 640 (64,00%) -- Ticket Income $144,000
Game was played at the Air Canada Center.
Total Attendance: 14942 (83,01%)
Total Ticket Income: $1,081,785
Other Income: $530,075
Total Income: $1,611,860



Team Name Goals Shots Shots Attemp Shots Blocked PIM HIT PP PK FO%
Predators 14074114250 / 1 (0%)153%
Maple Leafs 3366492191 / 2 (50%)047%

Predators
Player Name POS G A P +/- PIM HIT SHT SB MP PP MP PP SHT PK MP PK SHT FO% FOT GA TA
Adam BeckmanC/LW0000001013:590:0000:0000% 100
Adam FoxD0110027222:501:0702:1300% 010
Aleksander BarkovC000-2003017:231:0600:18063% 2720
Alex BelzileC/RW0000014010:470:0001:0900% 011
Andy AndreoffC/LW0000020011:270:0301:46033% 600
Anthony DuclairLW/RW000-2011017:060:5300:18033% 300
Brandon HagelLW/RW000-2003116:481:0610:000100% 120
Egor SokolovLW/RW0001223216:180:5000:0000% 301
Jaccob SlavinD0000000222:471:0701:4300% 000
Luke GlendeningC/LW/RW0000030015:080:0001:09050% 211
Mattias SamuelssonD000-1022220:280:5201:0000% 001
Max JonesC/LW/RW000002309:380:0000:0000% 000
Nick SeelerD0000032016:420:0000:0000% 002
Radek FaksaC0000032016:110:2601:46063% 800
Robert BortuzzoD0000202016:410:0000:0000% 001
Sam BennettC/LW/RW1011026015:560:4400:00054% 1311
Tanner JeannotLW/RW0001011216:050:4900:0000% 000
Vladislav GavrikovD000-1010020:310:5201:3000% 000
Maple Leafs
Player Name POS G A P +/- PIM HIT SHT SB MP PP MP PP SHT PK MP PK SHT FO% FOT GA TA
Alex IafalloC/LW011-1012017:371:5600:4800% 020
Alexander RomanovD0110021117:460:0001:0700% 000
Andrei SvechnikovLW/RW101-1214016:481:5610:00062% 1301
Braden SchneiderD000-1002114:360:0000:0000% 000
Cam FowlerD0000013121:240:4001:0700% 012
Drew HellesonD000101019:060:0000:0000% 000
Eric StaalC/LW0000031012:260:0000:00080% 500
Hampus LindholmD0222000126:062:3300:0000% 001
Jesper BrattLW/RW0111017020:391:1700:590100% 110
Jonas RondbjergLW/RW0000001012:260:0000:0000% 200
Kaapo KakkoRW0001002020:391:1700:5900% 711
Linus KarlssonC000-1030014:390:0000:0000% 100
Matthew HighmoreLW/RW000100109:180:0000:120100% 100
Mattias JanmarkC/LW/RW0000002115:241:5600:4800% 210
Michael McCarronC/RW000102319:060:0000:00033% 611
Mikhail SergachevD1012032224:002:3300:5200% 012
Ryan JohansenC/RW1011015019:521:1700:12054% 2600
Timothy LiljegrenD000-1000016:080:4000:5200% 000

Predators

5 vs 5 Forward
Line #Left WingCenterRight WingPHYDFOFWanted %Time %Time Play
1Brandon HagelAleksander BarkovAnthony Duclair0143229%15:42
2Egor SokolovSam BennettTanner Jeannot0143128%15:29
3Adam BeckmanRadek FaksaLuke Glendening0232526%13:59
4Alex BelzileAndy AndreoffMax Jones0321218%9:38
5 vs 5 Defense
Line #DefenseDefensePHYDFOFWanted %Time %Time Play
1Jaccob SlavinAdam Fox0143636%19:57
2Vladislav GavrikovMattias Samuelsson0143333%18:09
3Nick SeelerRobert Bortuzzo0323130%16:42
4Jaccob SlavinAdam Fox04100%0:00
Power Play Forward
Line #Left WingCenterRight WingPHYDFOFWanted %Time %Time Play
1Brandon HagelAleksander BarkovTanner Jeannot0055055%1:06
2Egor SokolovSam BennettAnthony Duclair0055045%0:53
Power Play Defense
Line #DefenseDefensePHYDFOFWanted %Time %Time Play
1Jaccob SlavinAdam Fox0145056%1:07
2Vladislav GavrikovMattias Samuelsson0145044%0:52
Penalty Kill 4 Players Forward
Line #CenterWingPHYDFOFWanted %Time %Time Play
1Luke GlendeningAlex Belzile0415036%1:09
2Radek FaksaAndy Andreoff0415064%2:04
Penalty Kill 4 Players Defense
Line #DefenseDefensePHYDFOFWanted %Time %Time Play
1Jaccob SlavinMattias Samuelsson0415053%1:43
2Vladislav GavrikovAdam Fox0415047%1:30
Penalty Kill 3 Players
Line #WingPHYDFOFWanted %Time %Time PlayDefenseDefensePHYDFOFWanted %Time %Time Play
1Radek Faksa050500%0:00 Jaccob SlavinMattias Samuelsson050500%0:00
2Luke Glendening050500%0:00 Vladislav GavrikovAdam Fox050500%0:00
4 vs 4 Forward
Line #CenterWingPHYDFOFWanted %Time %Time Play
1Andy AndreoffAlex Belzile023500%0:00
2Radek FaksaEgor Sokolov023500%0:00
4 vs 4 Defense
Line #DefensePHYDFOFWanted %Time %Time Play
1Nick SeelerRobert Bortuzzo032600%0:00
2Vladislav GavrikovMattias Samuelsson032400%0:00
Last Minutes Offensive
Left WingCenterRight WingDefenseDefense
Brandon HagelAleksander BarkovAnthony DuclairVladislav GavrikovAdam Fox
Last Minutes Defensive
Left WingCenterRight WingDefenseDefense
Brandon HagelAleksander BarkovAnthony DuclairVladislav GavrikovAdam Fox
Time
Total ForwardTotal DefenseLast Minutes OffensiveLast Minutes Defensive
60:00 60:00 0:000:00
Extra Forwards
Normal PowerPlayPenalty Kill
Anthony Duclair, Aleksander Barkov, Radek FaksaRadek Faksa, Brandon HagelAndy Andreoff
Extra Defensemen
Normal PowerPlayPenalty Kill
Vladislav Gavrikov, Adam Fox, Mattias SamuelssonMattias Samuelsson, Mattias SamuelssonAdam Fox
Penalty Shots
Aleksander Barkov, Anthony Duclair, Andy Andreoff, Egor Sokolov, Alex Belzile
Goalie
Connor Ingram, Erik Kallgren
Custom OT Lines Forwards
Aleksander Barkov, Tanner Jeannot, Brandon Hagel, Sam Bennett, Adam Beckman, Andy Andreoff, Anthony Duclair, Luke Glendening, Egor Sokolov, Alex Belzile
Custom OT Lines Defensemen
Jaccob Slavin, Adam Fox, Vladislav Gavrikov, Mattias Samuelsson, Robert Bortuzzo
Scratches
Evander Kane (Sprained Left Ankle Injury), Jake Bean (Healthy), Dakota Mermis (Healthy), Jeremy Swayman (Healthy)

Maple Leafs

5 vs 5 Forward
Line #Left WingCenterRight WingPHYDFOFWanted %Time %Time Play
1Jesper BrattRyan JohansenKaapo Kakko0324034%18:37
2Alex IafalloAndrei SvechnikovLinus Karlsson0323027%14:39
3Jonas RondbjergEric StaalMattias Janmark0322023%12:26
4Matthew HighmoreMichael McCarronDrew Helleson2211017%9:06
5 vs 5 Defense
Line #DefenseDefensePHYDFOFWanted %Time %Time Play
1Hampus LindholmMikhail Sergachev0324038%20:38
2Alexander RomanovCam Fowler0323030%16:15
3Braden SchneiderTimothy Liljegren0322027%14:36
4Hampus LindholmCam Fowler032106%3:19
Power Play Forward
Line #Left WingCenterRight WingPHYDFOFWanted %Time %Time Play
1Andrei SvechnikovMattias JanmarkAlex Iafallo0145060%1:56
2Jesper BrattRyan JohansenKaapo Kakko0145040%1:17
Power Play Defense
Line #DefenseDefensePHYDFOFWanted %Time %Time Play
1Hampus LindholmMikhail Sergachev0146079%2:33
2Timothy LiljegrenCam Fowler0144021%0:40
Penalty Kill 4 Players Forward
Line #CenterWingPHYDFOFWanted %Time %Time Play
1Kaapo KakkoAndrei Svechnikov12260100%1:59
2Mattias JanmarkJesper Bratt122400%0:00
Penalty Kill 4 Players Defense
Line #DefenseDefensePHYDFOFWanted %Time %Time Play
1Cam FowlerAlexander Romanov1226056%1:07
2Mikhail SergachevTimothy Liljegren1224044%0:52
Penalty Kill 3 Players
Line #WingPHYDFOFWanted %Time %Time PlayDefenseDefensePHYDFOFWanted %Time %Time Play
1Jesper Bratt050600%0:00 Cam FowlerAlexander Romanov041600%0:00
2Mattias Janmark050400%0:00 Mikhail SergachevTimothy Liljegren041400%0:00
4 vs 4 Forward
Line #CenterWingPHYDFOFWanted %Time %Time Play
1Andrei SvechnikovKaapo Kakko122600%0:00
2Mattias JanmarkJesper Bratt122400%0:00
4 vs 4 Defense
Line #DefensePHYDFOFWanted %Time %Time Play
1Mikhail SergachevCam Fowler122600%0:00
2Alexander RomanovTimothy Liljegren122400%0:00
Last Minutes Offensive
Left WingCenterRight WingDefenseDefense
Alex IafalloAndrei SvechnikovJesper BrattHampus LindholmCam Fowler
Last Minutes Defensive
Left WingCenterRight WingDefenseDefense
Alex IafalloAndrei SvechnikovJesper BrattHampus LindholmCam Fowler
Time
Total ForwardTotal DefenseLast Minutes OffensiveLast Minutes Defensive
60:00 60:00 0:000:00
Extra Forwards
Normal PowerPlayPenalty Kill
Kaapo Kakko, Mattias Janmark, Jesper BrattKaapo Kakko, Mattias JanmarkKaapo Kakko
Extra Defensemen
Normal PowerPlayPenalty Kill
Timothy Liljegren, Braden Schneider, Cam FowlerTimothy Liljegren, Timothy LiljegrenBraden Schneider
Penalty Shots
Mattias Janmark, Jesper Bratt, Andrei Svechnikov, Alex Iafallo, Kaapo Kakko
Goalie
Pyotr Kochetkov, Jordan Binnington
Custom OT Lines Forwards
Alex Iafallo, Jesper Bratt, Linus Karlsson, Andrei Svechnikov, Kaapo Kakko, Ryan Johansen, Michael McCarron, Mattias Janmark, Matthew Highmore, Eric Staal
Custom OT Lines Defensemen
Hampus Lindholm, Cam Fowler, Alexander Romanov, Timothy Liljegren, Braden Schneider
Scratches
Nikolaj Ehlers (Healthy), Ben Hutton (Healthy), Travis Dermott (Healthy)


Play-by-Play

1st period


0:01 of 1st period - Ryan Johansen wins face-off versus Aleksander Barkov in neutral zone.
0:12 of 1st period - Snap shot by Jesper Bratt.
0:12 of 1st period - Stopped by Connor Ingram with a rebound.
0:14 of 1st period - Slapshot by Ryan Johansen.
0:14 of 1st period - Goal by Ryan Johansen - Predators : 0 - Maple Leafs : 1.
0:15 of 1st period - Andrei Svechnikov wins face-off versus Egor Sokolov in neutral zone.
1:01 of 1st period - Timothy Liljegren is hit by Alex Belzile and loses puck.
1:08 of 1st period - Wrist shot by Braden Schneider.
1:08 of 1st period - Stopped by Connor Ingram with a rebound.
2:45 of 1st period - Wrist shot by Andrei Svechnikov.
2:45 of 1st period - Stopped by Connor Ingram with a rebound.
3:18 of 1st period - Minor Penalty to Egor Sokolov for Holding.
3:19 of 1st period - Luke Glendening wins face-off versus Mattias Janmark in Predators zone.
4:47 of 1st period - Jesper Bratt is hit by Luke Glendening and loses puck.
5:18 of 1st period - Penalty to Egor Sokolov is over, Egor Sokolov is back on ice.
5:44 of 1st period - Snap shot by Sam Bennett.
5:44 of 1st period - Stopped by Pyotr Kochetkov without a rebound.
5:45 of 1st period - Sam Bennett wins face-off versus Michael McCarron in Maple Leafs zone.
5:48 of 1st period - Slapshot by Sam Bennett.
5:48 of 1st period - Stopped by Pyotr Kochetkov without a rebound.
5:49 of 1st period - Radek Faksa wins face-off versus Michael McCarron in Maple Leafs zone.
6:00 of 1st period - Wrist shot by Radek Faksa.
6:00 of 1st period - Deflect By Adam Beckman.
6:00 of 1st period - Shot Misses the Net.
6:00 of 1st period - Puck is out of play.
6:01 of 1st period - Aleksander Barkov wins face-off versus Ryan Johansen in Maple Leafs zone.
6:02 of 1st period - Wrist shot by Brandon Hagel.
6:02 of 1st period - Shot Misses the Net.
6:48 of 1st period - Off-side.
6:49 of 1st period - Andy Andreoff wins face-off versus Ryan Johansen in neutral zone.
6:54 of 1st period - Jaccob Slavin is hit by Jesper Bratt and loses puck.
7:23 of 1st period - Snap shot by Michael McCarron.
7:23 of 1st period - Stopped by Connor Ingram without a rebound.
7:24 of 1st period - Aleksander Barkov wins face-off versus Michael McCarron in Predators zone.
7:24 of 1st period - Aleksander Barkov is hit by Mikhail Sergachev.
8:15 of 1st period - Andrei Svechnikov is hit by Luke Glendening and loses puck.
8:40 of 1st period - Slapshot by Adam Fox.
8:40 of 1st period - Stopped by Pyotr Kochetkov with a rebound.
8:52 of 1st period - Wrist shot by Brandon Hagel.
8:52 of 1st period - Deflect By Aleksander Barkov.
8:52 of 1st period - Stopped by Pyotr Kochetkov without a rebound.
8:53 of 1st period - Aleksander Barkov wins face-off versus Kaapo Kakko in Maple Leafs zone.
9:08 of 1st period - Wrist shot by Aleksander Barkov.
9:08 of 1st period - Stopped by Pyotr Kochetkov without a rebound.
9:09 of 1st period - Andrei Svechnikov wins face-off versus Sam Bennett in Maple Leafs zone.
9:16 of 1st period - Slapshot by Andrei Svechnikov.
9:16 of 1st period - Shot Misses the Net.
9:25 of 1st period - Off-side.
9:26 of 1st period - Ryan Johansen wins face-off versus Aleksander Barkov in neutral zone.
9:31 of 1st period - Snap shot by Jesper Bratt.
9:31 of 1st period - Stopped by Connor Ingram with a rebound.
9:51 of 1st period - Alex Iafallo is hit by Luke Glendening and loses puck.
9:56 of 1st period - Slapshot by Adam Fox.
9:56 of 1st period - Stopped by Pyotr Kochetkov without a rebound.
9:57 of 1st period - Eric Staal wins face-off versus Sam Bennett in Maple Leafs zone.
10:02 of 1st period - Jaccob Slavin is hit by Cam Fowler and loses puck.
10:13 of 1st period - Alexander Romanov is hit by Adam Fox and loses puck.
10:28 of 1st period - Backhand shot by Anthony Duclair.
10:28 of 1st period - Deflect By Ryan Johansen.
10:28 of 1st period - Shot Misses the Net.
10:28 of 1st period - Puck is out of play.
10:29 of 1st period - Aleksander Barkov wins face-off versus Ryan Johansen in Maple Leafs zone.
11:39 of 1st period - Wrist shot by Andy Andreoff.
11:39 of 1st period - Shot Misses the Net.
11:45 of 1st period - Snap shot by Matthew Highmore.
11:45 of 1st period - Deflect By Michael McCarron.
11:45 of 1st period - Shot Blocked by Mattias Samuelsson.
11:45 of 1st period - Puck is out of play.
11:46 of 1st period - Aleksander Barkov wins face-off versus Ryan Johansen in Predators zone.
13:16 of 1st period - Aleksander Barkov is hit by Mikhail Sergachev and loses puck.
13:51 of 1st period - Snap shot by Cam Fowler.
13:51 of 1st period - Stopped by Connor Ingram with a rebound.
14:06 of 1st period - Icing by Cam Fowler.
14:07 of 1st period - Eric Staal wins face-off versus Andy Andreoff in Maple Leafs zone.
14:17 of 1st period - Icing by Jaccob Slavin.
14:18 of 1st period - Ryan Johansen wins face-off versus Andy Andreoff in Predators zone.
15:08 of 1st period - Slapshot by Mattias Janmark.
15:08 of 1st period - Stopped by Connor Ingram without a rebound.
15:09 of 1st period - Sam Bennett wins face-off versus Jonas Rondbjerg in Predators zone.
15:16 of 1st period - Nick Seeler is hit by Alexander Romanov and loses puck.
15:42 of 1st period - Cam Fowler is hit by Egor Sokolov and loses puck.
15:47 of 1st period - Robert Bortuzzo is hit by Alexander Romanov and loses puck.
16:10 of 1st period - Slapshot by Tanner Jeannot.
16:10 of 1st period - Shot Blocked by Alexander Romanov.
16:16 of 1st period - Snap shot by Mattias Janmark.
16:16 of 1st period - Stopped by Connor Ingram with a rebound.
16:18 of 1st period - Snap shot by Cam Fowler.
16:18 of 1st period - Shot Misses the Net.
16:20 of 1st period - Slapshot by Cam Fowler.
16:20 of 1st period - Stopped by Connor Ingram with a rebound.
16:22 of 1st period - Snap shot by Eric Staal.
16:22 of 1st period - Stopped by Connor Ingram without a rebound.
16:23 of 1st period - Brandon Hagel wins face-off versus Ryan Johansen in Predators zone.
16:34 of 1st period - Wrist shot by Ryan Johansen.
16:34 of 1st period - Stopped by Connor Ingram with a rebound.
16:38 of 1st period - Wrist shot by Jesper Bratt.
16:38 of 1st period - Stopped by Connor Ingram with a rebound.
16:48 of 1st period - Hampus Lindholm is hit by Radek Faksa and loses puck.
18:03 of 1st period - Slapshot by Mikhail Sergachev.
18:03 of 1st period - Deflect By Michael McCarron.
18:03 of 1st period - Shot Misses the Net.
18:03 of 1st period - Puck is out of play.
18:04 of 1st period - Matthew Highmore wins face-off versus Andy Andreoff in Predators zone.
18:41 of 1st period - Wrist shot by Anthony Duclair.
18:41 of 1st period - Shot Blocked by Cam Fowler.
18:58 of 1st period - Snap shot by Egor Sokolov.
18:58 of 1st period - Stopped by Pyotr Kochetkov with a rebound.
19:08 of 1st period - Jesper Bratt is hit by Tanner Jeannot and loses puck.
19:50 of 1st period - Wrist shot by Ryan Johansen.
19:50 of 1st period - Stopped by Connor Ingram with a rebound.
19:52 of 1st period - Wrist shot by Kaapo Kakko.
19:52 of 1st period - Stopped by Connor Ingram with a rebound.
Goals for this period are 0 for Predators vs 1 for Maple Leafs.
Shots for this period are 7 for Predators vs 15 for Maple Leafs.

2nd period


0:01 of 2nd period - Andrei Svechnikov wins face-off versus Adam Beckman in neutral zone.
1:35 of 2nd period - Luke Glendening is hit by Michael McCarron and loses puck.
1:57 of 2nd period - Snap shot by Radek Faksa.
1:57 of 2nd period - Stopped by Pyotr Kochetkov without a rebound.
1:58 of 2nd period - Ryan Johansen wins face-off versus Aleksander Barkov in Maple Leafs zone.
2:25 of 2nd period - Linus Karlsson is hit by Sam Bennett and loses puck.
2:34 of 2nd period - Snap shot by Tanner Jeannot.
2:34 of 2nd period - Deflect By Sam Bennett.
2:34 of 2nd period - Stopped by Pyotr Kochetkov with a rebound.
2:45 of 2nd period - Icing by Vladislav Gavrikov.
2:46 of 2nd period - Radek Faksa wins face-off versus Jonas Rondbjerg in Predators zone.
2:59 of 2nd period - Wrist shot by Mattias Janmark.
2:59 of 2nd period - Shot Blocked by Mattias Samuelsson.
3:01 of 2nd period - Slapshot by Hampus Lindholm.
3:01 of 2nd period - Shot Misses the Net.
3:34 of 2nd period - Wrist shot by Jesper Bratt.
3:34 of 2nd period - Deflect By Ryan Johansen.
3:34 of 2nd period - Shot Hit the Post.
3:34 of 2nd period - Puck is out of play.
3:35 of 2nd period - Sam Bennett wins face-off versus Kaapo Kakko in Predators zone.
3:46 of 2nd period - Slapshot by Adam Fox.
3:46 of 2nd period - Stopped by Pyotr Kochetkov without a rebound.
3:47 of 2nd period - Andrei Svechnikov wins face-off versus Aleksander Barkov in Maple Leafs zone.
4:04 of 2nd period - Slapshot by Adam Fox.
4:04 of 2nd period - Shot Misses the Net.
4:18 of 2nd period - Wrist shot by Ryan Johansen.
4:18 of 2nd period - Shot Misses the Net.
4:37 of 2nd period - Slapshot by Adam Fox.
4:37 of 2nd period - Stopped by Pyotr Kochetkov with a rebound.
4:55 of 2nd period - Michael McCarron is hit by Max Jones and loses puck.
5:04 of 2nd period - Andy Andreoff is hit by Michael McCarron and loses puck.
5:15 of 2nd period - Wrist shot by Adam Fox.
5:15 of 2nd period - Stopped by Pyotr Kochetkov without a rebound.
5:16 of 2nd period - Aleksander Barkov wins face-off versus Andrei Svechnikov in Maple Leafs zone.
5:27 of 2nd period - Wrist shot by Brandon Hagel.
5:27 of 2nd period - Stopped by Pyotr Kochetkov without a rebound.
5:28 of 2nd period - Anthony Duclair wins face-off versus Ryan Johansen in Maple Leafs zone.
5:29 of 2nd period - Snap shot by Aleksander Barkov.
5:29 of 2nd period - Stopped by Pyotr Kochetkov without a rebound.
5:30 of 2nd period - Ryan Johansen wins face-off versus Aleksander Barkov in Maple Leafs zone.
5:30 of 2nd period - Ryan Johansen is hit by Nick Seeler.
5:41 of 2nd period - Snap shot by Kaapo Kakko.
5:41 of 2nd period - Stopped by Connor Ingram without a rebound.
5:42 of 2nd period - Sam Bennett wins face-off versus Kaapo Kakko in Predators zone.
6:26 of 2nd period - Icing by Alex Iafallo.
6:27 of 2nd period - Aleksander Barkov wins face-off versus Andrei Svechnikov in Maple Leafs zone.
6:40 of 2nd period - Snap shot by Alex Iafallo.
6:40 of 2nd period - Deflect By Aleksander Barkov.
6:40 of 2nd period - Stopped by Connor Ingram without a rebound.
6:41 of 2nd period - Jesper Bratt wins face-off versus Sam Bennett in Predators zone.
7:06 of 2nd period - Brandon Hagel is hit by Eric Staal.
7:51 of 2nd period - Off-side.
7:52 of 2nd period - Sam Bennett wins face-off versus Ryan Johansen in neutral zone.
8:12 of 2nd period - Backhand shot by Jesper Bratt.
8:12 of 2nd period - Shot Misses the Net.
8:14 of 2nd period - Slapshot by Mikhail Sergachev.
8:14 of 2nd period - Shot Blocked by Egor Sokolov.
8:48 of 2nd period - Wrist shot by Sam Bennett.
8:48 of 2nd period - Shot Blocked by Braden Schneider.
9:22 of 2nd period - Wrist shot by Sam Bennett.
9:22 of 2nd period - Stopped by Pyotr Kochetkov without a rebound.
9:23 of 2nd period - Andrei Svechnikov wins face-off versus Aleksander Barkov in Maple Leafs zone.
9:39 of 2nd period - Snap shot by Jaccob Slavin.
9:39 of 2nd period - Shot Blocked by Mikhail Sergachev.
9:58 of 2nd period - Slapshot by Adam Beckman.
9:58 of 2nd period - Shot Misses the Net.
10:27 of 2nd period - Drew Helleson is hit by Andy Andreoff and loses puck.
10:32 of 2nd period - Snap shot by Alex Belzile.
10:32 of 2nd period - Shot Misses the Net.
10:34 of 2nd period - Snap shot by Max Jones.
10:34 of 2nd period - Shot Misses the Net.
10:36 of 2nd period - Snap shot by Robert Bortuzzo.
10:36 of 2nd period - Stopped by Pyotr Kochetkov with a rebound.
10:38 of 2nd period - Slapshot by Max Jones.
10:38 of 2nd period - Deflect By Mikhail Sergachev.
10:38 of 2nd period - Stopped by Pyotr Kochetkov with a rebound.
10:40 of 2nd period - Slapshot by Alex Belzile.
10:40 of 2nd period - Stopped by Pyotr Kochetkov with a rebound.
10:42 of 2nd period - Backhand shot by Nick Seeler.
10:42 of 2nd period - Shot Misses the Net.
10:44 of 2nd period - Wrist shot by Nick Seeler.
10:44 of 2nd period - Shot Blocked by Mikhail Sergachev.
10:46 of 2nd period - Snap shot by Alex Belzile.
10:46 of 2nd period - Deflect By Max Jones.
10:46 of 2nd period - Stopped by Pyotr Kochetkov with a rebound.
10:52 of 2nd period - Snap shot by Alex Belzile.
10:52 of 2nd period - Stopped by Pyotr Kochetkov with a rebound.
10:54 of 2nd period - Snap shot by Max Jones.
10:54 of 2nd period - Deflect By Alex Belzile.
10:54 of 2nd period - Stopped by Pyotr Kochetkov with a rebound.
10:56 of 2nd period - Slapshot by Nick Seeler.
10:56 of 2nd period - Shot Blocked by Hampus Lindholm.
11:02 of 2nd period - Snap shot by Andy Andreoff.
11:02 of 2nd period - Shot Misses the Net.
11:04 of 2nd period - Slapshot by Robert Bortuzzo.
11:04 of 2nd period - Deflect By Hampus Lindholm.
11:04 of 2nd period - Stopped by Pyotr Kochetkov with a rebound.
11:06 of 2nd period - Slapshot by Nick Seeler.
11:06 of 2nd period - Stopped by Pyotr Kochetkov without a rebound.
11:07 of 2nd period - Andrei Svechnikov wins face-off versus Aleksander Barkov in Maple Leafs zone.
11:16 of 2nd period - Snap shot by Alex Iafallo.
11:16 of 2nd period - Shot Blocked by Adam Fox.
11:18 of 2nd period - Wrist shot by Alex Iafallo.
11:18 of 2nd period - Shot Blocked by Adam Fox.
11:20 of 2nd period - Slapshot by Linus Karlsson.
11:20 of 2nd period - Shot Misses the Net.
11:22 of 2nd period - Wrist shot by Linus Karlsson.
11:22 of 2nd period - Shot Misses the Net.
11:32 of 2nd period - Adam Fox is hit by Eric Staal and loses puck.
11:56 of 2nd period - Backhand shot by Jesper Bratt.
11:56 of 2nd period - Stopped by Connor Ingram with a rebound.
11:58 of 2nd period - Snap shot by Ryan Johansen.
11:58 of 2nd period - Stopped by Connor Ingram with a rebound.
12:00 of 2nd period - Snap shot by Kaapo Kakko.
12:00 of 2nd period - Shot Blocked by Tanner Jeannot.
12:34 of 2nd period - Alexander Romanov is hit by Radek Faksa and loses puck.
12:47 of 2nd period - Nick Seeler is hit by Eric Staal and loses puck.
12:52 of 2nd period - Wrist shot by Jonas Rondbjerg.
12:52 of 2nd period - Deflect By Aleksander Barkov.
12:52 of 2nd period - Stopped by Connor Ingram with a rebound.
13:08 of 2nd period - Snap shot by Egor Sokolov.
13:08 of 2nd period - Deflect By Mikhail Sergachev.
13:08 of 2nd period - Shot Misses the Net.
13:08 of 2nd period - Puck is out of play.
13:09 of 2nd period - Sam Bennett wins face-off versus Andrei Svechnikov in Maple Leafs zone.
13:12 of 2nd period - Snap shot by Sam Bennett.
13:12 of 2nd period - Goal by Sam Bennett - Predators : 1 - Maple Leafs : 1.
13:13 of 2nd period - Aleksander Barkov wins face-off versus Ryan Johansen in neutral zone.
13:42 of 2nd period - Off-side.
13:43 of 2nd period - Radek Faksa wins face-off versus Linus Karlsson in neutral zone.
13:56 of 2nd period - Wrist shot by Andrei Svechnikov.
13:56 of 2nd period - Shot Misses the Net.
14:08 of 2nd period - Snap shot by Mattias Janmark.
14:08 of 2nd period - Shot Hit the Post.
14:26 of 2nd period - Slapshot by Adam Beckman.
14:26 of 2nd period - Shot Misses the Net.
14:38 of 2nd period - Wrist shot by Radek Faksa.
14:38 of 2nd period - Shot Misses the Net.
14:50 of 2nd period - Snap shot by Adam Beckman.
14:50 of 2nd period - Stopped by Pyotr Kochetkov with a rebound.
14:52 of 2nd period - Snap shot by Radek Faksa.
14:52 of 2nd period - Shot Misses the Net.
14:54 of 2nd period - Slapshot by Vladislav Gavrikov.
14:54 of 2nd period - Deflect By Luke Glendening.
14:54 of 2nd period - Shot Misses the Net.
14:54 of 2nd period - Puck is out of play.
14:55 of 2nd period - Aleksander Barkov wins face-off versus Kaapo Kakko in Maple Leafs zone.
14:56 of 2nd period - Wrist shot by Anthony Duclair.
14:56 of 2nd period - Shot Misses the Net.
14:58 of 2nd period - Snap shot by Brandon Hagel.
14:58 of 2nd period - Shot Misses the Net.
15:00 of 2nd period - Slapshot by Adam Fox.
15:00 of 2nd period - Deflect By Hampus Lindholm.
15:00 of 2nd period - Stopped by Pyotr Kochetkov with a rebound.
15:06 of 2nd period - Wrist shot by Anthony Duclair.
15:06 of 2nd period - Deflect By Aleksander Barkov.
15:06 of 2nd period - Shot Misses the Net.
15:06 of 2nd period - Puck is out of play.
15:07 of 2nd period - Aleksander Barkov wins face-off versus Ryan Johansen in Maple Leafs zone.
16:14 of 2nd period - Snap shot by Ryan Johansen.
16:14 of 2nd period - Stopped by Connor Ingram with a rebound.
17:13 of 2nd period - Snap shot by Matthew Highmore.
17:13 of 2nd period - Stopped by Connor Ingram without a rebound.
17:14 of 2nd period - Michael McCarron wins face-off versus Aleksander Barkov in Predators zone.
17:15 of 2nd period - Slapshot by Cam Fowler.
17:15 of 2nd period - Stopped by Connor Ingram without a rebound.
17:16 of 2nd period - Aleksander Barkov wins face-off versus Michael McCarron in Predators zone.
17:22 of 2nd period - Off-side.
17:23 of 2nd period - Ryan Johansen wins face-off versus Sam Bennett in neutral zone.
17:38 of 2nd period - Wrist shot by Jesper Bratt.
17:38 of 2nd period - Shot Misses the Net.
17:58 of 2nd period - Wrist shot by Alex Iafallo.
17:58 of 2nd period - Shot Blocked by Jaccob Slavin.
19:19 of 2nd period - Wrist shot by Radek Faksa.
19:19 of 2nd period - Stopped by Pyotr Kochetkov with a rebound.
19:21 of 2nd period - Snap shot by Mattias Samuelsson.
19:21 of 2nd period - Stopped by Pyotr Kochetkov with a rebound.
19:23 of 2nd period - Wrist shot by Luke Glendening.
19:23 of 2nd period - Shot Misses the Net.
19:25 of 2nd period - Slapshot by Luke Glendening.
19:25 of 2nd period - Deflect By Radek Faksa.
19:25 of 2nd period - Shot Misses the Net.
19:25 of 2nd period - Puck is out of play.
19:26 of 2nd period - Ryan Johansen wins face-off versus Aleksander Barkov in Maple Leafs zone.
19:26 of 2nd period - Ryan Johansen is hit by Mattias Samuelsson.
19:33 of 2nd period - Icing by Alexander Romanov.
19:34 of 2nd period - Ryan Johansen wins face-off versus Anthony Duclair in Maple Leafs zone.
19:34 of 2nd period - Ryan Johansen is hit by Mattias Samuelsson.
19:50 of 2nd period - Brandon Hagel is hit by Ryan Johansen and loses puck.
19:55 of 2nd period - Wrist shot by Jesper Bratt.
19:55 of 2nd period - Stopped by Connor Ingram without a rebound.
19:56 of 2nd period - Andrei Svechnikov wins face-off versus Egor Sokolov in Predators zone.
Goals for this period are 1 for Predators vs 0 for Maple Leafs.
Shots for this period are 21 for Predators vs 9 for Maple Leafs.

3rd period


0:01 of 3rd period - Ryan Johansen wins face-off versus Egor Sokolov in neutral zone.
0:04 of 3rd period - Snap shot by Jesper Bratt.
0:04 of 3rd period - Shot Misses the Net.
0:06 of 3rd period - Wrist shot by Hampus Lindholm.
0:06 of 3rd period - Deflect By Ryan Johansen.
0:06 of 3rd period - Shot Blocked by Tanner Jeannot.
0:06 of 3rd period - Puck is out of play.
0:07 of 3rd period - Sam Bennett wins face-off versus Ryan Johansen in Predators zone.
0:13 of 3rd period - Icing by Cam Fowler.
0:14 of 3rd period - Ryan Johansen wins face-off versus Sam Bennett in Maple Leafs zone.
0:22 of 3rd period - Minor Penalty to Robert Bortuzzo for Hooking.
0:23 of 3rd period - Ryan Johansen wins face-off versus Luke Glendening in Predators zone.
0:54 of 3rd period - Icing by Mikhail Sergachev.
0:55 of 3rd period - Radek Faksa wins face-off versus Mattias Janmark in Maple Leafs zone.
1:03 of 3rd period - Radek Faksa is hit by Alex Iafallo and loses puck.
1:16 of 3rd period - Wrist shot by Alex Iafallo.
1:16 of 3rd period - Shot Misses the Net.
1:36 of 3rd period - Wrist shot by Andrei Svechnikov.
1:36 of 3rd period - Goal by Andrei Svechnikov - Predators : 1 - Maple Leafs : 2.
1:37 of 3rd period - Aleksander Barkov wins face-off versus Ryan Johansen in neutral zone.
2:31 of 3rd period - Sam Bennett is hit by Linus Karlsson and loses puck.
2:38 of 3rd period - Wrist shot by Andrei Svechnikov.
2:38 of 3rd period - Stopped by Connor Ingram with a rebound.
2:52 of 3rd period - Mattias Janmark is hit by Max Jones and loses puck.
3:31 of 3rd period - Alexander Romanov is hit by Radek Faksa and loses puck.
3:44 of 3rd period - Linus Karlsson is hit by Vladislav Gavrikov and loses puck.
4:56 of 3rd period - Slapshot by Alex Iafallo.
4:56 of 3rd period - Stopped by Connor Ingram without a rebound.
4:57 of 3rd period - Radek Faksa wins face-off versus Andrei Svechnikov in Predators zone.
5:59 of 3rd period - Snap shot by Tanner Jeannot.
5:59 of 3rd period - Shot Blocked by Michael McCarron.
6:01 of 3rd period - Wrist shot by Vladislav Gavrikov.
6:01 of 3rd period - Shot Blocked by Drew Helleson.
6:03 of 3rd period - Wrist shot by Sam Bennett.
6:03 of 3rd period - Stopped by Pyotr Kochetkov with a rebound.
6:05 of 3rd period - Backhand shot by Egor Sokolov.
6:05 of 3rd period - Stopped by Pyotr Kochetkov with a rebound.
6:07 of 3rd period - Wrist shot by Tanner Jeannot.
6:07 of 3rd period - Stopped by Pyotr Kochetkov with a rebound.
6:09 of 3rd period - Slapshot by Mattias Samuelsson.
6:09 of 3rd period - Shot Misses the Net.
6:19 of 3rd period - Backhand shot by Matthew Highmore.
6:19 of 3rd period - Shot Blocked by Egor Sokolov.
6:43 of 3rd period - Slapshot by Michael McCarron.
6:43 of 3rd period - Stopped by Connor Ingram without a rebound.
6:44 of 3rd period - Ryan Johansen wins face-off versus Anthony Duclair in Predators zone.
6:49 of 3rd period - Snap shot by Ryan Johansen.
6:49 of 3rd period - Shot Misses the Net.
7:12 of 3rd period - Minor Penalty to Andrei Svechnikov for Tripping.
7:13 of 3rd period - Aleksander Barkov wins face-off versus Kaapo Kakko in Maple Leafs zone.
7:14 of 3rd period - Slapshot by Brandon Hagel.
7:14 of 3rd period - Stopped by Pyotr Kochetkov without a rebound.
7:15 of 3rd period - Aleksander Barkov wins face-off versus Kaapo Kakko in Maple Leafs zone.
8:04 of 3rd period - Wrist shot by Alex Iafallo.
8:04 of 3rd period - Shot Blocked by Brandon Hagel.
9:12 of 3rd period - Penalty to Andrei Svechnikov is over, Andrei Svechnikov is back on ice.
9:26 of 3rd period - Jaccob Slavin is hit by Drew Helleson and loses puck.
9:52 of 3rd period - Andrei Svechnikov is hit by Nick Seeler and loses puck.
10:25 of 3rd period - Off-side.
10:26 of 3rd period - Michael McCarron wins face-off versus Radek Faksa in neutral zone.
10:49 of 3rd period - Kaapo Kakko is hit by Anthony Duclair and loses puck.
11:59 of 3rd period - Slapshot by Mikhail Sergachev.
11:59 of 3rd period - Goal by Mikhail Sergachev - Predators : 1 - Maple Leafs : 3.
12:00 of 3rd period - Aleksander Barkov wins face-off versus Ryan Johansen in neutral zone.
12:16 of 3rd period - Snap shot by Jesper Bratt.
12:16 of 3rd period - Shot Misses the Net.
12:26 of 3rd period - Anthony Duclair is hit by Mikhail Sergachev and loses puck.
12:35 of 3rd period - Snap shot by Mikhail Sergachev.
12:35 of 3rd period - Stopped by Connor Ingram without a rebound.
12:36 of 3rd period - Ryan Johansen wins face-off versus Sam Bennett in Predators zone.
13:01 of 3rd period - Radek Faksa is hit by Linus Karlsson and loses puck.
13:08 of 3rd period - Wrist shot by Andrei Svechnikov.
13:08 of 3rd period - Stopped by Connor Ingram with a rebound.
13:14 of 3rd period - Adam Beckman is hit by Linus Karlsson and loses puck.
13:29 of 3rd period - Wrist shot by Max Jones.
13:29 of 3rd period - Stopped by Pyotr Kochetkov without a rebound.
13:30 of 3rd period - Eric Staal wins face-off versus Andy Andreoff in Maple Leafs zone.
14:13 of 3rd period - Snap shot by Mattias Janmark.
14:13 of 3rd period - Shot Blocked by Jaccob Slavin.
14:46 of 3rd period - Eric Staal is hit by Andy Andreoff and loses puck.
14:51 of 3rd period - Slapshot by Adam Fox.
14:51 of 3rd period - Stopped by Pyotr Kochetkov with a rebound.
14:53 of 3rd period - Wrist shot by Alex Belzile.
14:53 of 3rd period - Stopped by Pyotr Kochetkov without a rebound.
14:54 of 3rd period - Ryan Johansen wins face-off versus Aleksander Barkov in Maple Leafs zone.
14:59 of 3rd period - Snap shot by Jesper Bratt.
14:59 of 3rd period - Shot Misses the Net.
15:07 of 3rd period - Hampus Lindholm is hit by Nick Seeler.
15:52 of 3rd period - Wrist shot by Egor Sokolov.
15:52 of 3rd period - Stopped by Pyotr Kochetkov with a rebound.
15:54 of 3rd period - Snap shot by Mattias Samuelsson.
15:54 of 3rd period - Stopped by Pyotr Kochetkov without a rebound.
15:55 of 3rd period - Aleksander Barkov wins face-off versus Andrei Svechnikov in Maple Leafs zone.
16:34 of 3rd period - Snap shot by Radek Faksa.
16:34 of 3rd period - Shot Misses the Net.
16:36 of 3rd period - Snap shot by Radek Faksa.
16:36 of 3rd period - Shot Misses the Net.
17:03 of 3rd period - Slapshot by Michael McCarron.
17:03 of 3rd period - Stopped by Connor Ingram with a rebound.
17:05 of 3rd period - Slapshot by Alexander Romanov.
17:05 of 3rd period - Stopped by Connor Ingram with a rebound.
17:15 of 3rd period - Slapshot by Brandon Hagel.
17:15 of 3rd period - Stopped by Pyotr Kochetkov with a rebound.
17:17 of 3rd period - Snap shot by Brandon Hagel.
17:17 of 3rd period - Shot Misses the Net.
17:19 of 3rd period - Slapshot by Anthony Duclair.
17:19 of 3rd period - Stopped by Pyotr Kochetkov with a rebound.
18:00 of 3rd period - Icing by Jesper Bratt.
18:01 of 3rd period - Andy Andreoff wins face-off versus Kaapo Kakko in Maple Leafs zone.
18:22 of 3rd period - Snap shot by Jesper Bratt.
18:22 of 3rd period - Stopped by Connor Ingram with a rebound.
18:24 of 3rd period - Slapshot by Braden Schneider.
18:24 of 3rd period - Deflect By Aleksander Barkov.
18:24 of 3rd period - Stopped by Connor Ingram with a rebound.
18:26 of 3rd period - Slapshot by Kaapo Kakko.
18:26 of 3rd period - Deflect By Jesper Bratt.
18:26 of 3rd period - Stopped by Connor Ingram without a rebound.
18:27 of 3rd period - Aleksander Barkov wins face-off versus Eric Staal in Predators zone.
18:40 of 3rd period - Hampus Lindholm is hit by Adam Fox and loses puck.
18:53 of 3rd period - Adam Beckman is hit by Andrei Svechnikov and loses puck.
18:59 of 3rd period - Off-side.
19:00 of 3rd period - Andrei Svechnikov wins face-off versus Radek Faksa in neutral zone.
19:11 of 3rd period - Backhand shot by Nick Seeler.
19:11 of 3rd period - Stopped by Pyotr Kochetkov without a rebound.
19:12 of 3rd period - Eric Staal wins face-off versus Radek Faksa in Maple Leafs zone.
19:25 of 3rd period - Slapshot by Luke Glendening.
19:25 of 3rd period - Shot Blocked by Mattias Janmark.
19:27 of 3rd period - Snap shot by Luke Glendening.
19:27 of 3rd period - Shot Misses the Net.
19:42 of 3rd period - Andrei Svechnikov is hit by Egor Sokolov and loses puck.
19:57 of 3rd period - Andrei Svechnikov is hit by Sam Bennett and loses puck.
Goals for this period are 0 for Predators vs 2 for Maple Leafs.
Shots for this period are 12 for Predators vs 12 for Maple Leafs.